[Event "Czech Open-Rapid 2022"]
[Site "Pardubice"]
[Date "2022.07.21"]
[Round "4.5"]
[White "Cerveny, Martin"]
[Black "Jirovsky, Milos"]
[Result "1-0"]
[ECO "D35"]
[WhiteElo "2396"]
[BlackElo "2458"]
[Annotator "TA"]
[PlyCount "81"]
[EventDate "2022.07.20"]
[EventType "swiss"]
[EventCountry "CZE"]
[SourceTitle "playchess.com"]
[Source "ChessBase"]
[SourceQuality "1"]
[TimeControl "1200+10"]

1. d4 d5 2. c4 e6 3. Nc3 Nf6 4. cxd5 exd5 5. Bg5 c6 6. e3 Bf5 7. Qf3 Bg6 8. Bxf6 Qxf6 9. Qxf6 gxf6 10. Nf3 Nd7 {[%emt 0:00:06] D35: Queen's Gambit Declined: Exchange Variation.} 11. Nh4 Be7 12. Ne2 f5 {[%emt 0:01:24] White has an edge.} 13. g3 Nb6 14. Nf4 Nc8 15. Bd3 Nd6 {[%emt 0:00:04] [#]} 16. f3 $146 ({Predecessor:} 16. Nf3 h6 17. Ne5 Bh7 18. Rc1 a5 19. Rg1 Bg5 20. Be2 Rg8 21. Ned3 Ke7 22. Kf1 {0-1 (117) Boruchovsky,A (2542)-Zilka,S (2593) Terme Catez 2021}) 16... Kd7 17. Kf2 Rae8 18. b3 Bd8 19. Nhg2 Rhg8 20. h4 {[%emt 0:00:03] Black must now prevent h5.} h6 21. a4 (21. h5 $16 Bh7 22. b4) 21... a5 $1 $14 22. Bc2 Rg7 23. Ne1 Rgg8 24. Ned3 Bf6 {[%emt 0:00:02] Against Ne5+} 25. Rab1 Kc7 {[%emt 0:00:05] [#]} (25... Re7 $14) 26. Rhc1 $1 $16 Kb8 (26... Ra8 $16 {keeps fighting.} 27. Bd1 Kd8) 27. b4 axb4 (27... Nc4) 28. Rxb4 $2 (28. Nxb4 Rc8 29. Bd3) 28... Ka7 $18 29. Nc5 {[%emt 0:00:09] Pair of Knights!} Bd8 30. Bd3 {[%emt 0:00:36][%cal Oc5b7] Nxb7! is the strong threat.} Re7 31. a5 Rge8 32. h5 Bh7 33. Rcb1 {[%emt 0:00:43] White is much more active.} ({Don't take} 33. a6 $6 b5 $14) 33... Rc7 $2 {[%emt 0:00:36][%mdl 8192] [#] Black cannot hold the game after this.} (33... Bg8 $16) 34. Ba6 $1 Ree7 (34... Be7 35. Rb6) 35. Rb6 {[%emt 0:00:01][%cal Bb4b6,Bb6a6,Ba6c6,Bc6h6][%mdl 32] White is clearly winning.} Rcd7 36. Bxb7 (36. Nxd7 Rxd7 37. Bxb7 Rxb7 $16) 36... Nxb7 (36... Rxb7 $142 37. Nxd5 (37. Nxb7 Rxb7 38. Rxc6 Rxb1 $16) 37... Bxb6 38. axb6+ Kb8 39. Nxb7 Rxb7) 37. Ra6+ Kb8 38. Rxc6 Bxa5 39. Nxd7+ Rxd7 40. Rxh6 f6 {[%emt 0:00:11] [#]} 41. Nxd5 $1 {[%emt 0:00:15][%mdl 512] Weighted Error Value: White=0.22 (precise) /Black=0.49} 1-0

[Event "Czech Open-Rapid 2022"]
[Site "Pardubice"]
[Date "2022.07.21"]
[Round "4.6"]
[White "Vykouk, Jan"]
[Black "Savitha Shri B"]
[Result "1-0"]
[ECO "B24"]
[WhiteElo "2476"]
[BlackElo "2278"]
[Annotator "TA"]
[PlyCount "79"]
[EventDate "2022.07.20"]
[EventType "swiss"]
[EventCountry "CZE"]
[SourceTitle "playchess.com"]
[Source "ChessBase"]
[SourceQuality "1"]
[TimeControl "1200+10"]

1. e4 c5 2. Nc3 Nc6 3. Bb5 Nd4 4. Nf3 Nxb5 5. Nxb5 a6 6. Nc3 {[%emt 0:00:02] B23: Closed Sicilian: Lines without g3.} b5 7. d4 cxd4 8. Qxd4 {[%emt 0:00:02] The position is equal.} d6 {[%emt 0:01:34] [#]} (8... e6 $1 $11) 9. O-O $146 {[%emt 0:00:24] White is more active.} ({Predecessor:} 9. Bg5 Nf6 10. O-O-O Bg4 11. Rhe1 h6 12. Bxf6 gxf6 13. e5 Bxf3 14. exf6 Bxd1 15. fxe7 Bxe7 16. Qxh8+ {½-½ (27) Ashwin,H (1614)-Wiwatanadate,P (2053) Bangkog 2018}) 9... e5 10. Qd3 Be6 11. Rd1 Bc4 12. Qe3 {[%emt 0:00:26] And now Nxe5 would win.} Qc7 13. b3 Be6 14. Bb2 (14. Ba3 $16) 14... Nf6 $11 15. Rac1 Be7 16. Nd5 Bxd5 17. exd5 O-O 18. c4 bxc4 19. bxc4 Nd7 {[%emt 0:00:09] Inhibits c5.} 20. Ba3 Rac8 (20... Rfe8 $11) 21. Nd4 $14 {[%emt 0:00:27] Nf5 is the strong threat.} h6 {[%emt 0:01:42] [#] White leaves nothing to chance now.} (21... Rfe8 $14 22. Nc6 Bf8) 22. Nf5 $1 $18 Bg5 23. Qg3 Nc5 24. Bxc5 $40 {[%emt 0:01:35][%mdl 128] Black is in trouble.} Qxc5 {[%emt 0:00:02] [#]} 25. h4 $1 Bf6 26. Nxh6+ Kh8 27. Nf5 Qb4 28. Qb3 Qc5 (28... Qxb3 {might work better.} 29. axb3 Rfd8) 29. Ng3 Be7 30. Ne4 Qa5 31. c5 dxc5 32. d6 Bd8 33. Qd5 f5 $2 (33... Kg8 34. d7 (34. Nxc5 Bxh4 35. d7 Rb8 $18) 34... Rc7) 34. Ng5 Bxg5 (34... c4 $142 35. Nf7+ Kh7) 35. hxg5 {[%emt 0:00:02] White wants to mate with Rd3.} e4 {[%emt 0:00:01] Against Rd3} 36. d7 Rcd8 37. Rxc5 (37. Qe5 $142 Kg8 38. g6) 37... Qa4 38. Rc3 {[%emt 0:00:09][%cal Rc3h3] White mates.} Kh7 39. Rh3+ Kg6 40. Qd6+ {[%emt 0:00:20] Weighted Error Value: White=0.07 (flawless) /Black=0.63} 1-0

[Event "Czech Open-Rapid 2022"]
[Site "Pardubice"]
[Date "2022.07.21"]
[Round "4.7"]
[White "Aradhya, Garg"]
[Black "Luch, Michal"]
[Result "1/2-1/2"]
[ECO "D35"]
[WhiteElo "2229"]
[BlackElo "2375"]
[Annotator "TA"]
[PlyCount "111"]
[EventDate "2022.07.20"]
[EventType "swiss"]
[EventCountry "CZE"]
[SourceTitle "playchess.com"]
[Source "ChessBase"]
[SourceQuality "1"]
[TimeControl "1200+10"]

1. d4 d5 2. c4 e6 3. Nc3 Nf6 4. cxd5 exd5 5. Bg5 c6 6. e3 Be6 {[%emt 0:00:03] D35: Queen's Gambit Declined: Exchange Variation.} 7. Bd3 Nbd7 8. Nge2 h6 9. Bh4 g5 {[%emt 0:00:04] Prevents Nf4.} 10. Bg3 Nh5 $1 11. Qc2 Nxg3 12. hxg3 Qf6 13. f3 h5 14. O-O-O O-O-O 15. Kb1 Kb8 {[%emt 0:00:10] [#]} 16. Qd2 $146 ({Predecessor:} 16. Rhf1 Qe7 17. Rde1 Bg7 18. f4 gxf4 19. exf4 Bg4 20. Bf5 Qf6 21. Bd3 Rhe8 22. Qd2 {0-1 (74) Vo,T (2380)-Padmini,R (2324) Riadh 2017}) 16... Qe7 17. Rh2 (17. g4 $11) 17... Bg7 18. e4 (18. Rdh1 $15) 18... dxe4 19. Nxe4 f6 20. f4 Bg4 ({Black should try} 20... g4 $17) 21. fxg5 (21. Nf2 $1 $11) 21... fxg5 22. Qxg5 Qxg5 ({Black should play} 22... Rhe8 $17 23. Qxe7 Rxe7) 23. Nxg5 $15 {[%emt 0:00:02] Pair of Knights!} Rde8 $36 {[%emt 0:01:08][%mdl 2048] Black is more active.} 24. Nf3 Re3 25. Kc2 (25. Rhh1 $11 {remains equal.}) 25... c5 $17 26. Rdh1 (26. Nf4 $17 {might work better.}) 26... cxd4 $19 27. Nf4 Nc5 28. Bg6 Rc8 {[%emt 0:00:11] ...Na4+ is the strong threat.} 29. Kb1 (29. Kd2 $17 {was worth a try.}) 29... d3 $1 30. Rd1 Bxf3 $2 (30... Na4 $19 31. Rxd3 Re7) 31. gxf3 $11 Rxf3 32. Nxd3 Rd8 33. Rxh5 $2 Nxd3 $19 34. Rh7 Be5 {[%emt 0:00:20][%cal Of3f2] aiming for ...Rf2!} ({Inferior is} 34... Bxb2 35. Be4 Re3 36. Rxb7+ Kc8 37. Re7 $11) ({Not} 34... Rxg3 35. Bxd3 Rg2 36. b3 $15) 35. g4 $2 {[%emt 0:01:12] [#]} (35. Rxb7+ Kxb7 36. Be4+ Kc7 37. Bxf3) 35... Re3 (35... Rf2 $142 $1 36. Rxd3 Rxb2+ 37. Kc1 Rc8+ 38. Kd1 Bf4) 36. Re7 Rd6 (36... Re1 $1 $19 37. Rxe1 Nxe1) 37. Bxd3 $14 a6 {[%emt 0:00:10] [#]} 38. Bc2 (38. g5 $1 $16) 38... Rxd1+ 39. Bxd1 {[%emt 0:00:02][%mdl 4096] Endgame KRB-KRB} Re1 40. Kc2 {[%emt 0:00:01] And now g5 would win.} Re3 41. Bf3 Rxf3 42. Rxe5 {[%emt 0:00:02] KR-KR} Rg3 43. Rg5 Kc7 44. a4 ({Better is} 44. Rg7+ $16 Kd6 45. g5 (45. Rxb7 Rg2+ 46. Kb3 Rxg4 $16)) 44... Kc6 {[%emt 0:00:06] [#]} (44... b5 $1 $11 {keeps the balance.}) 45. b4 (45. a5 $1 $16) 45... Ra3 (45... Kd6 $11 {is more appropriate.}) 46. a5 Rg3 47. Rc5+ Kd6 48. Rc4 Kd5 49. Rc7 Rxg4 {[%emt 0:00:06] ( -> ...Rc4+)} 50. Rxb7 Kc4 {[%emt 0:00:03] The position is equal.} 51. Rb6 Rg2+ 52. Kd1 Kb3 53. Ke1 Rg4 54. Rxa6 Kxb4 55. Ra8 Kb5 56. a6 {Weighted Error Value: White=0.40/Black=0.39} 1/2-1/2

[Event "Czech Open-Rapid 2022"]
[Site "Pardubice"]
[Date "2022.07.21"]
[Round "4.8"]
[White "Kraus, Ondrej"]
[Black "Babula, Vlastimil sr"]
[Result "0-1"]
[ECO "E92"]
[WhiteElo "1993"]
[BlackElo "2556"]
[Annotator "TA"]
[PlyCount "44"]
[EventDate "2022.07.20"]
[EventType "swiss"]
[EventCountry "CZE"]
[SourceTitle "playchess.com"]
[Source "ChessBase"]
[SourceQuality "1"]
[TimeControl "1200+10"]

1. d4 Nf6 2. Nf3 d6 3. c4 g6 4. Nc3 Bg7 5. e4 O-O 6. Be2 e5 7. dxe5 dxe5 8. Qxd8 Rxd8 9. Bg5 c6 10. O-O Re8 11. Rad1 Na6 12. Rd6 {[%emt 0:01:35] E92: King's Indian: Classical: 6 Be2 e5: 7 dxe5, 7 Be3 and Petrosian System without 7...Nbd7.} Be6 13. Nxe5 Nc5 $1 {[%emt 0:00:40] [#]} 14. f4 $146 {[%mdl 8192] [#]} (14. Bxf6 $15 Bxf6 15. f4) ({Predecessor:} 14. Bxf6 Bxf6 15. f4 a5 16. Rfd1 Kf8 17. g3 a4 18. a3 Bxe5 19. fxe5 Ke7 20. Kf2 {0-1 (40) Sakline Mostafa,S (2039)-Nitish,B (2447) Dhaka 2022}) 14... Nfxe4 $19 {[%emt 0:00:14] Black is clearly winning.} 15. Nxe4 Nxe4 16. Rxe6 Rxe6 (16... fxe6 $2 {loses.} 17. Bh4 $19) 17. Bh4 Bxe5 18. fxe5 Rxe5 19. Bd3 g5 20. Be1 Rd8 21. Bxe4 Rxe4 22. Bc3 Rxc4 {[%emt 0:02:39] Black took control after the opening.  Weighted Error Value: White=0.71/Black=0.00 (flawless)} 0-1

[Event "Czech Open-Rapid 2022"]
[Site "Pardubice"]
[Date "2022.07.21"]
[Round "4.9"]
[White "Plat, Vojtech"]
[Black "Tichy, Stepan"]
[Result "1-0"]
[ECO "C01"]
[WhiteElo "2554"]
[BlackElo "2207"]
[Annotator "TA"]
[PlyCount "67"]
[EventDate "2022.07.20"]
[EventType "swiss"]
[EventCountry "CZE"]
[SourceTitle "playchess.com"]
[Source "ChessBase"]
[SourceQuality "1"]
[TimeControl "1200+10"]

1. d4 e6 2. e4 d5 3. exd5 exd5 4. Bd3 Nf6 5. Nf3 Be7 6. h3 Nc6 7. c3 O-O 8. O-O Ne4 9. c4 Nb4 {[%emt 0:01:23] C42: Petroff Defence: 3 Nxe5 and unusual White 3rd moves.} 10. Be2 Bf5 11. a3 Nc6 {[%emt 0:00:11] The position is equal.} 12. Nc3 Nxc3 13. bxc3 Bf6 14. Bf4 dxc4 15. Bxc4 {[%emt 0:00:04] [#]} Na5 $146 ({Predecessor:} 15... Qd7 16. Qd2 Rfe8 17. Rfe1 Na5 18. Ba2 Be4 19. Ne5 Bxe5 20. Rxe4 Bxf4 21. Rxf4 Re7 {½-½ (49) Hewitt,W (2053)-Jones,I (2171) Cardiff 2015}) 16. Ba2 c5 17. Rc1 c4 18. Re1 b5 19. Ne5 Qd5 20. g4 (20. Bb1 $14 Bxb1 21. Rxb1) 20... Bg6 21. Nxg6 fxg6 22. Bg3 {[%emt 0:00:11] Prevents Bh4.} Rae8 23. Rc2 Nc6 {[%emt 0:02:05] [#]} (23... Rxe1+ $1 $11 24. Qxe1 Nc6) 24. Rce2 (24. Rxe8 $1 $16 Rxe8 25. Re2) 24... Kf7 $2 {[%emt 0:02:00] Black cannot hold the game after this.} (24... Rd8 $1 $11) 25. Bb1 $18 Qd7 26. Be4 Ne7 (26... Kg8 $142 27. Qb1 Ne7) 27. d5 {[%emt 0:00:52] Black must now prevent d6.} Bxc3 28. d6 Bxe1 29. Qxe1 g5 $2 (29... Kg8) 30. dxe7 Rxe7 {[%emt 0:00:02] [#]} 31. Bd5+ $1 {[%emt 0:00:08][%mdl 512] This bishop pair is nice.} Ke8 {[%emt 0:00:03] [#]} (31... Qxd5 32. Rxe7+) 32. Bc6 $1 {[%emt 0:00:14][%mdl 576] White threatens Rxe7+ and mate. Deflection} Qxc6 (32... Kf7 33. Bxd7) 33. Rxe7+ Kd8 34. Rxa7 {[%emt 0:00:11] Weighted Error Value: White=0.16 (very precise) /Black=0.71} 1-0

[Event "Czech Open-Rapid 2022"]
[Site "Pardubice"]
[Date "2022.07.21"]
[Round "4.10"]
[White "Lalic, Bogdan"]
[Black "Sir, Zbynek"]
[Result "1-0"]
[ECO "A43"]
[WhiteElo "2412"]
[BlackElo "2199"]
[Annotator "TA"]
[PlyCount "53"]
[EventDate "2022.07.20"]
[EventType "swiss"]
[EventCountry "CZE"]
[SourceTitle "playchess.com"]
[Source "ChessBase"]
[SourceQuality "1"]
[TimeControl "1200+10"]

1. d4 c5 2. d5 b5 3. e4 a6 4. a4 b4 5. c4 bxc3 ({Better is} 5... d6 $14) 6. Nxc3 $16 {[%emt 0:00:07] [#] A43: Schmid Benoni.} a5 $146 (6... d6 $16) ({Predecessor:} 6... d6 7. Nf3 g6 8. Nd2 Bg7 9. Nc4 a5 10. Bd3 Na6 11. O-O Nb4 12. f4 Nxd3 13. Qxd3 {1-0 (28) Ilyasli,U (2148)-Novruzov,E (1910) Baku 2019}) 7. Nf3 d6 (7... g6 $142 8. Bb5 Bg7) 8. Bb5+ $18 {[%emt 0:00:10] White is winning.} Bd7 9. e5 dxe5 (9... Bxb5 {was called for.} 10. Nxb5 f6 11. exd6 exd6) 10. Nxe5 Nf6 11. O-O g6 12. Re1 Ra7 (12... Bxb5 $142 13. axb5 Bg7) 13. Qf3 Bg7 14. Bxd7+ Rxd7 15. Nxd7 Qxd7 (15... Nbxd7 {might work better.} 16. Nb5 O-O) 16. Bf4 O-O 17. Rad1 Qb7 18. Qe2 Nbd7 19. Qb5 {[%emt 0:00:15] White is clearly winning.} Qxb5 20. axb5 ({Weaker is} 20. Nxb5 Nb6 21. d6 (21. Rxe7 Nbxd5 22. Bd6 Nxe7 $16) 21... e6 $18) 20... Nb6 (20... Re8 $142 21. Bc7 Rc8) 21. Rxe7 Nc4 22. Na4 Nh5 23. Bc7 Nxb2 24. Nxb2 Bxb2 25. Re2 Bd4 26. b6 Nf4 27. Bxf4 {Black got outplayed after the opening.  Weighted Error Value: White=0.46/Black=0.81} 1-0

[Event "Czech Open-Rapid 2022"]
[Site "Pardubice"]
[Date "2022.07.21"]
[Round "4.11"]
[White "Schatz, Christian"]
[Black "Rasik, Vitezslav"]
[Result "0-1"]
[ECO "A04"]
[WhiteElo "2137"]
[BlackElo "2419"]
[Annotator "TA"]
[PlyCount "132"]
[EventDate "2022.07.20"]
[EventType "swiss"]
[EventCountry "CZE"]
[SourceTitle "playchess.com"]
[Source "ChessBase"]
[SourceQuality "1"]
[TimeControl "1200+10"]

1. Nf3 d6 2. d4 g6 3. g3 Bg7 4. Bg2 Nf6 5. O-O O-O 6. b3 c5 7. Bb2 cxd4 8. Nxd4 d5 9. c4 dxc4 10. bxc4 Qb6 11. Qb3 {[%emt 0:00:25][%cal Ob1c3] A49: 1 d4 Nf6 2 Nf3 g6 3 g3: Anti-King's Indian systems.} Nfd7 {[%emt 0:00:16][%cal Bf6d7,Bd7b6,Bb6c4][%mdl 32] [#]} 12. Qxb6 $146 ({Predecessor:} 12. Rd1 Nc6 13. e3 Na5 14. Qc2 Nc5 15. Nd2 Bg4 16. Rdb1 Rac8 17. h3 Bd7 18. Ba3 Qa6 19. N2b3 b6 20. Bf1 e5 21. Nxc5 bxc5 {1-0 (68) Hansen,E (2606)-Wagner,D (2576) Chess.com INT 2021}) 12... Nxb6 13. e3 {Black is slightly better.} Nxc4 14. Bc3 Na6 15. Nb5 Na5 16. Bxg7 (16. Nd4 $11 {remains equal.} Nc4 17. Nd2 Nxd2 18. Bxd2) 16... Kxg7 $17 17. N1a3 Bd7 18. Rfd1 (18. Rfc1 $15 {should be considered.}) 18... Bc6 19. Bxc6 Nxc6 20. Rd7 Nc5 21. Rd2 Rfd8 22. Rad1 Rxd2 23. Rxd2 a6 24. Nd4 Rd8 25. Nc4 (25. Rc2 $17 Nxd4 26. Rxc5) 25... Nxd4 $1 $19 26. exd4 {[%emt 0:00:34][%mdl 4096] Endgame KRN-KRN} Ne4 27. Rd3 {[%emt 0:00:34] [#]} Rc8 $1 28. Ne3 Rc3 29. Rd1 Ra3 30. Rb1 b5 31. Rb2 Nc3 32. Rc2 b4 33. Rb2 a5 34. Nc4 Rxa2 35. Rxa2 Nxa2 36. Nxa5 {[%emt 0:00:02] KN-KN} Kf6 37. Kf1 Ke6 38. Ke2 Kd5 39. Kd3 Nc1+ 40. Kd2 Na2 ({Don't take} 40... Kxd4 41. Kxc1 Ke4 42. Kd2 $14) 41. Kd3 {[%emt 0:00:07] Black converts the advantage convincingly.} Nc3 42. Nc4 Nd1 43. Nb6+ Kc6 44. Nc4 (44. Nc8 $142 Nxf2+ 45. Kc4) 44... Nxf2+ 45. Ke2 Ng4 46. h3 Nf6 47. Ne5+ Kd5 48. Kd3 Nh5 49. Nxf7 Nxg3 50. Ng5 h6 51. Nf3 Nf5 52. Ne5 g5 53. Nf7 e6 54. Ne5 Nxd4 55. Nd7 Nf5 {[%emt 0:00:19] Hoping for ...Kd6.} 56. Nb6+ Kc5 57. Nd7+ Kd6 58. Nf6 Ke5 59. Nd7+ {[%emt 0:00:25] [#]} Kf4 $1 {[%emt 0:00:02] Black mates.} 60. Kc4 Kg3 61. Kxb4 Kxh3 62. Kc4 g4 63. Kd3 g3 64. Ne5 g2 65. Nf3 Nh4 66. Ng1+ Kh2 {[%emt 0:00:02] Weighted Error Value: White=0.48/Black=0.14 (very precise)} 0-1

[Event "Czech Open-Rapid 2022"]
[Site "Pardubice"]
[Date "2022.07.21"]
[Round "4.12"]
[White "Akesson, Ralf"]
[Black "Silar, Lubomir"]
[Result "1-0"]
[ECO "E08"]
[WhiteElo "2427"]
[BlackElo "1993"]
[Annotator "TA"]
[PlyCount "81"]
[EventDate "2022.07.20"]
[EventType "swiss"]
[EventCountry "CZE"]
[SourceTitle "playchess.com"]
[Source "ChessBase"]
[SourceQuality "1"]
[TimeControl "1200+10"]

1. Nf3 d5 2. d4 Nf6 3. c4 e6 4. g3 Be7 5. Bg2 Nbd7 6. Qc2 O-O 7. O-O c5 8. cxd5 Nxd5 9. a3 {[%emt 0:00:41] E08: Closed Catalan: Main Line: 7 Qc2.} cxd4 10. Nxd4 Qb6 11. Rd1 {[%emt 0:00:37] White is slightly better.} Bf6 {[%emt 0:00:45] [#]} 12. Nb3 $146 ({Predecessor:} 12. e3 Bxd4 13. Rxd4 N7f6 14. Nd2 Bd7 15. Nc4 Qc7 16. e4 e5 17. exd5 exd4 18. Bf4 {1-0 (93) Protopopova,A (2244)-Tsepennikova,T (1978) Kazan 2017}) 12... Qc6 13. Qxc6 bxc6 14. Na5 Rb8 (14... Ne5 $14) 15. Nxc6 $16 Rb6 16. Nb4 (16. Nxa7 $18 {has better winning chances. Strongly threatening e4.} Bxb2 17. Bxb2 Rxb2 18. Nxc8 (18. Bxd5 exd5 19. Nc3 Nf6 $16) 18... Rxc8 19. a4 (19. Bxd5 exd5 20. a4 Kf8 $16)) 16... Nxb4 17. axb4 Rxb4 18. Rxa7 Nb6 19. Ra2 Nc4 20. Nc3 Rb3 21. Rd3 {[%emt 0:01:12] aiming for Ne4.} (21. Ne4 $5 Bxb2 22. e3 $14) 21... Bb7 {[%emt 0:00:23] White now steadily converts the win.} (21... Rb8 $14) 22. Ne4 Rb6 23. Nxf6+ gxf6 24. Rc3 Bxg2 25. Kxg2 Ne5 26. Be3 Rb5 (26... Rb7 $16 {might work better.} 27. f4 Nd7) 27. b4 Rd8 28. f4 Ng4 29. Bc5 {[%emt 0:00:59] h3 is the strong threat.} Rc8 $2 (29... f5 30. Ra5 Rbb8) 30. h3 $18 Nh6 31. g4 Kg7 32. Ra7 {[%emt 0:00:13] Inhibits Rb7.} Ng8 33. Rd3 {[%emt 0:00:11] [#] Hoping for Rdd7.} Rbxc5 (33... Nh6 {was called for.} 34. e4 Kg6) 34. bxc5 Rxc5 {[%emt 0:00:00][%mdl 4096] Endgame KRR-KRN} 35. Rdd7 Nh6 36. Kf3 {[%emt 0:00:18] And now h4 would win.} Kg6 $2 (36... e5 37. Rdc7 Rb5 38. fxe5 Rxe5) 37. e3 {[%emt 0:00:29] [#] Threatens to win with h4.} Rb5 $2 (37... e5 38. Rdc7 Rb5) 38. h4 Rc5 39. g5 Nf5 40. Rxf7 fxg5 41. hxg5 {[%emt 0:00:07] Weighted Error Value: White=0.29 (precise) /Black=0.81} 1-0

[Event "Czech Open-Rapid 2022"]
[Site "Pardubice"]
[Date "2022.07.21"]
[Round "4.13"]
[White "Seger, Ruediger"]
[Black "Jonsson, Gauti Pall"]
[Result "1/2-1/2"]
[ECO "B01"]
[WhiteElo "2299"]
[BlackElo "2071"]
[Annotator "TA"]
[PlyCount "112"]
[EventDate "2022.07.20"]
[EventType "swiss"]
[EventCountry "CZE"]
[SourceTitle "playchess.com"]
[Source "ChessBase"]
[SourceQuality "1"]
[TimeControl "1200+10"]

1. e4 d5 2. exd5 Qxd5 3. Nc3 Qd8 4. d4 Nf6 5. Nf3 Bg4 6. h3 Bxf3 {[%emt 0:00:04] B01: Scandinavian Defence.} 7. Qxf3 c6 8. Be3 e6 {[%emt 0:00:29] White is slightly better.} 9. O-O-O Bb4 {[%emt 0:00:35] 9...Bb4 scores better than 9...Nbd7.} 10. Bg5 (10. Ne4 $14) 10... Bxc3 $11 11. bxc3 Nbd7 12. Kb1 Qa5 {[%emt 0:00:28] [#]} 13. Bd2 $146 ({Predecessor:} 13. Bc1 Nd5 14. Bb2 b5 15. c4 bxc4 16. Bxc4 N7b6 17. Bb3 Qa6 18. Qd3 Qb7 19. c4 {½-½ (54) Moore,G (2011)-Kramaley,D (1819) Basingstoke 2018}) 13... O-O 14. Ka1 Qd5 15. Qxd5 cxd5 16. c4 Ne4 17. Be1 b6 {[%emt 0:01:10] Against c5} (17... dxc4 $1 $15 18. f3 Nef6) 18. cxd5 $14 exd5 19. c4 (19. f3 $14 Ng5 20. Ba6) 19... Rac8 $11 20. Bd3 Rfe8 21. cxd5 Nef6 (21... Ndf6 $11 {keeps the balance.}) 22. Bd2 ({Better is} 22. d6 $16) 22... Nxd5 23. Rc1 N7f6 24. g4 h6 25. Rxc8 Rxc8 26. Rc1 Re8 27. f3 Kf8 28. h4 Ne3 $2 (28... h5 $11 {and Black is okay.}) 29. Rc7 $2 (29. Bb5 $18 Ned5 30. Bxe8 Nxe8 31. Rc8) 29... a5 $14 30. Rb7 Nfd5 31. Be4 Re7 (31... Rc8 $14) 32. Rb8+ $16 Re8 33. Rb7 Re7 {[%emt 0:00:01] [#]} 34. Bxe3 $1 Nxe3 35. Rxb6 {[%emt 0:00:01][%mdl 4096] Endgame KRB-KRN} Rd7 36. Rb8+ Ke7 37. Bc6 {[%emt 0:00:01] White is more active.} (37. Rb3 $16 Ng2 38. Rb5) 37... Rxd4 $11 {[%emt 0:00:26] The position is equal.} 38. Re8+ Kd6 39. Rxe3 {[%emt 0:00:02] [#] Strongly threatening Be4.} Kxc6 {[%emt 0:00:01] KR-KR} 40. Kb2 h5 41. gxh5 Rxh4 42. Re5 Kb6 43. Rg5 f6 44. Rxg7 Rxh5 45. Rd7 Rf5 46. Rd3 Rf4 47. Kb3 a4+ 48. Kc3 Kb5 49. a3 Kc5 50. Kd2 Rd4 {[%emt 0:00:38] ( -> ...Kc4)} 51. Ke3 Rxd3+ 52. Kxd3 f5 (52... Kd5 $5) 53. Kc3 $1 f4 54. Kd3 Kd5 55. Kc3 Kc5 56. Kd3 Kd5 {Weighted Error Value: White=0.18 (very precise) /Black=0.24 (precise)} 1/2-1/2

[Event "Czech Open-Rapid 2022"]
[Site "Pardubice"]
[Date "2022.07.21"]
[Round "4.14"]
[White "Laith, Kasib"]
[Black "Strebkovs, Andrejs"]
[Result "0-1"]
[ECO "B12"]
[WhiteElo "2079"]
[BlackElo "2283"]
[Annotator "TA"]
[PlyCount "94"]
[EventDate "2022.07.20"]
[EventType "swiss"]
[EventCountry "CZE"]
[SourceTitle "playchess.com"]
[Source "ChessBase"]
[SourceQuality "1"]
[TimeControl "1200+10"]

1. e4 c6 2. d4 g6 3. c4 d6 4. Nf3 Bg7 5. Be2 Nf6 6. Nc3 O-O 7. Be3 {[%emt 0:00:13] E91: King's Indian: Classical: 6 Be2, unusual replies including 6...c5 and 6...Bg4.} a6 8. a4 a5 9. O-O {[%emt 0:00:22] White is slightly better.} Na6 10. Qd2 {[#]} Qe8 $146 (10... Ng4 $11) ({Predecessor:} 10... Ng4 11. Bg5 h6 12. Bh4 g5 13. Bg3 f5 14. exf5 Bxf5 15. h4 e5 16. hxg5 hxg5 {1-0 (40) Boino,C (2180)-Mirski,M (2011) Krakow 2018}) 11. Rfe1 Ng4 12. Bg5 f6 13. Bf4 e5 $1 14. Bg3 Nh6 15. Red1 ({Better is} 15. c5 $11) 15... Nf7 $15 16. Re1 f5 17. exf5 $1 gxf5 {[%emt 0:00:08] [#]} (17... Bxf5 $11 {keeps the balance.} 18. Bd3 Nb4) 18. dxe5 (18. c5 $1 $16) 18... dxe5 $11 19. Bh4 (19. c5 $11) 19... Nc5 {[%emt 0:00:44] Threatens to win with ...Nb3.} 20. Qc2 {[%emt 0:00:19] Inhibits Nb3. White is on the road to losing.} (20. Rad1 $1 $15) 20... e4 $17 21. Nd2 Ne5 22. f4 (22. Bg5 $17 {was necessary.}) 22... Ng6 23. Bh5 Qf7 24. Rf1 e3 {[%emt 0:00:58] Prevents Bf2.} 25. Nf3 Qxc4 26. Bxg6 hxg6 27. Be7 (27. Qe2 $142 Qxe2 28. Nxe2) 27... Re8 $19 28. Bxc5 Qxc5 29. Kh1 b6 30. Rfe1 Ba6 31. Rad1 Rad8 {[%emt 0:00:17] Prevents Rd7.} 32. Rxd8 Rxd8 33. Qc1 Rd3 34. Ne2 Qd6 35. h3 {[%emt 0:00:07] [#]} Rd2 $1 {[%emt 0:00:30][%mdl 512] Black is clearly winning.} 36. Nc3 {[%emt 0:00:36] [#]} (36. Neg1 Bxb2) 36... Qxf4 37. Rxe3 Qxe3 38. Qxd2 Qxd2 39. Nxd2 {[%emt 0:00:00][%mdl 4096] Endgame KBB-KNN} Bd3 40. Kg1 Bd4+ 41. Kh2 Kf7 42. Kg3 Kf6 43. Kf3 Ke5 44. Nd1 b5 45. axb5 (45. b3 $142) 45... cxb5 46. Nc3 a4 {[%emt 0:00:36] Hoping for ...Bxc3.} 47. Ndb1 Bxb1 {[%emt 0:00:08] Weighted Error Value: White=0.53/Black=0.17 (very precise)} 0-1